AoeStats
← timmy_turner

Fortress

510634725Analyzed
1v1 RM · 1d ago on Oct 1, 2026· 34m 48s· 2 players
Game mode
Random Map
Map size
Small (3 player)
Population
200
Speed
Normal
Resources
Standard
Victory
Conquest
Starting age
Dark Age
Ending age
Imperial Age
RankedLock teamsTeams togetherTeam positionsShared explorationLock speedFull tech treeHidden civsTurbo modeCheats
Victory
Defeat
🇺🇸 Saxons · United States
1548
+20
🇺🇸 Wu · United States
1641
-20
timmy_turner
7:03 Feudal Age
11:03 Castle Age
9:05 Double-Bit Axe
9:50 Gold Mining
10:14 Fletching
10:10 Horse Collar
10:33 Fletching
12:09 Bow Saw
16:06 Bodkin Arrow
19:08 Wheelbarrow
20:58 Scale Mail Armor
21:28 Hand Cart
22:16 Chain Mail Armor
23:57 Squires
27:01 Imperial Age
25:18 Bloodlines
25:08 Husbandry
25:14 Scale Barding Armor
26:21 Chain Barding Armor
26:03 Heavy Plow
27:09 Forging
28:17 Plate Barding Armor
28:22 Heavy Hei Guang Cavalry
30:39 Two-Man Saw
29:47 Loom
31:27 Forging
31:20 Bracer
31:37 Town Watch
32:21 Conscription
31:23 Light Cavalry
33:23 Town Patrol
34:09 Stone Mining
36:02 Chemistry
jsousa
7:15 Feudal Age
8:42 Double-Bit Axe
9:11 Horse Collar
11:34 Castle Age
11:31 Scale Mail Armor
12:43 Bow Saw
12:52 Heavy Plow
14:23 Bow Saw
15:01 Wheelbarrow
16:10 Loom
16:50 Gold Mining
18:06 Chain Mail Armor
18:48 Squires
19:42 Forging
21:50 Iron Casting
21:01 Arson
22:46 Town Watch
23:16 Hand Cart
25:45 Stone Mining
26:30 Gold Shaft Mining
29:39 Imperial Age
28:11 Gambesons
31:23 Plate Mail Armor
30:14 Elite Varangian Guard
30:54 Shield Wall
33:21 Conscription
33:37 Elite Hearth Troop
Connection lost

Rejoining the realm…

Still unreachable

The connection could not be restored.

Session expired

The server has moved on; the page needs a fresh start.